 Dungeon Crawl Stone Soup version 0.32-a0-607-g64ea0e4219 (webtiles) character file.

Game seed: 8415496129487267517

217 ketsa the Digger (level 5, -1/28 HPs)
             Began as a Deep Elf Earth Elementalist on Mar 3, 2024.
             Slain by a sleepcap (5 damage)
             ... on level 3 of the Dungeon.
             The game lasted 00:11:23 (2833 turns).

ketsa the Digger (Deep Elf Earth Elementalist)      Turns: 2833, Time: 00:11:24

Health: -1/28      AC:  2    Str:  5    XL:     5   Next: 62%
Magic:  10/13      EV: 12    Int: 22    God:
Gold:   238        SH:  0    Dex: 15    Spells: 9/13 levels left

rFire   . . .        (no weapon)
rCold   . . .        (no shield)
rNeg    . . .        a - +0 robe
rPois   .            (no helmet)
rElec   .            (no cloak)
rCorr   .            (no gloves)
SInv    .            (no boots)
Will    .....        e - amulet of regeneration
Stlth   ++           k - +4 ring of slaying
HPRegen 1.04/turn    (no ring)
MPRegen 0.13/turn

%: no passive effects
@: no status effects
A: no striking features
a: no special abilities


You were on level 3 of the Dungeon.
You visited 1 branch of the dungeon, and saw 4 of its levels.

You collected 238 gold pieces.

Inventory:

Hand Weapons
 d - a +0 dagger
 v - the +9 shortbow of the Eggplant {antimagic, rC++ rCorr Dex+3 SInv}
   (You found it on level 2 of the Dungeon)

   Dex+3:     It affects your dexterity (+3).
   rC++:      It greatly protects you from cold.
   SInv:      It lets you see invisible.
   rCorr:     It protects you from acid and corrosion.
Missiles
 c - 52 stones
 g - 16 poisoned darts
Armour
 a - a +0 robe (worn)
 q - a +0 kite shield
Jewellery
 e - an amulet of regeneration (around neck)
 h - a ring of ice
 k - a +4 ring of slaying (left hand)
Talismans
 x - a serpent talisman
Scrolls
 f - a scroll of silence {unknown}
 i - 2 scrolls of amnesia {unknown}
 l - a scroll of identify
 m - a scroll of enchant armour {unknown}
 o - 3 scrolls of noise {unknown}
 p - a scroll of vulnerability {unknown}
 r - a scroll of enchant weapon {unknown}
 t - a scroll of poison {unknown}
 u - 2 scrolls of teleportation {unknown}
Potions
 b - a potion of magic
 j - a potion of lignification {unknown}
 n - 2 potions of mutation
 s - a potion of haste {unknown}
 w - a potion of heal wounds {unknown}


   Skills:
 - Level 2.4 Dodging
 - Level 2.4 Stealth
 + Level 4.6 Spellcasting
 * Level 3.4 Conjurations
 + Level 5.3 Earth Magic


You had 9 spell levels left.
You knew the following spells:

 Your Spells              Type           Power      Damage    Failure   Level
a - Sandblast             Erth           56%        2d13      1%          1
b - Passwall              Erth           28%        N/A       3%          3

Your spell library contained the following spells:

 Spells                   Type           Power      Damage    Failure   Level
 Stone Arrow              Conj/Erth      48%        3d10      5%          3
 Mercury Vapours          Alch/Air       10%        N/A       16%         2
 Brom's Barrelling Bould  Conj/Erth      24%        2d5       17%         4
 Mephitic Cloud           Conj/Alch/Air  10%        N/A       21%         3
 Fugue of the Fallen      Necr           5%         N/A       32%         3
 Ozocubu's Armour         Ice            5%         N/A       32%         3
 Petrify                  Alch/Erth      16%        N/A       34%         4
 Manifold Assault         Tloc           5%         N/A       71%         4
 Freezing Cloud           Conj/Ice/Air   5%         6-21      88%         5


Dungeon Overview and Level Annotations

Branches:
Dungeon (4/15)
 Temple: D:4-7

Altars:

Shops:
D:3 ?


Message History

The sleepcap is lightly damaged.
The sleepcap releases spores at you.
You are engulfed in a cloud of soporific spores!
You fall asleep.
You wake up.
Casting: Sandblast (safe; 1% risk of failure)
Confirm with . or Enter, or press ? or * to list all spells.
Aiming: Sandblast (safe; 1% risk of failure)
Press: ? - help, Shift-Dir - straight line, f/p - sleepcap
Aim: a sleepcap (lightly damaged, 100% to hit)
The blast of sand hits the sleepcap.
The sleepcap is lightly damaged.
The sleepcap releases spores at you. x2
The orc shouts!
There is a stone staircase leading up here.
The sleepcap releases spores at you.
You are engulfed in a cloud of soporific spores!
You fall asleep.
You stop ascending the stairs.
A sleepcap comes into view.
The sleepcap releases spores at you!
You wake up.
You are engulfed in a cloud of soporific spores!
You are unaffected.
The scorpion stings you.
* * * LOW HITPOINT WARNING * * *
The sleepcap releases spores at you!
* * * LOW HITPOINT WARNING * * *
You are engulfed in a cloud of soporific spores!
You are unaffected.
You climb upwards.
There is a stone staircase leading down here.
Casting: Sandblast (safe; 1% risk of failure)
Confirm with . or Enter, or press ? or * to list all spells.
Aiming: Sandblast (safe; 1% risk of failure)
Press: ? - help, Shift-Dir - straight line, f - sleepcap
Aim: a sleepcap (lightly damaged, 100% to hit)
The blast of sand hits the sleepcap!
The sleepcap is heavily damaged.
The scorpion barely misses you. The sleepcap releases spores at you.
You die...

.#.# ###'####### #.##.# .#.#
#.........# #.##.#
...#######.........####.##.#
...÷.....'.................#
.......###..........###÷##)#
.....<.# #..........# #.##.#
.......###..........###.##.######
.#..............f................
................@s...............
.............###.#.............##
.............# #.#...##.#..#####
.............# #...........#
.............# #.#...##.#..#
..##########.# #.#...##.#..#
.###########.###.#...##.#..######
.##..................##.#........
)......####.....................#


You could see a sleepcap and a scorpion.

Vanquished Creatures
  Jessica (D:3)
  An iguana (D:4)
  Natasha (twice) (D:3)
  Terence (D:3)
  An adder (D:3)
  2 dart slugs (D:1)
  2 ribbon worms (D:3)
  6 orcs (D:3)
  7 endoplasms
  3 giant cockroaches
  3 goblins
  9 hobgoblins
  3 jackals (D:1)
  7 kobolds
  3 quokkas
  3 ball pythons
  3 bats
  5 frilled lizards
  4 rats
66 creatures vanquished.

Notes
Turn   | Place    | Note
-------+----------+-------------------------------------------
     0 | D:1      | ketsa the Deep Elf Earth Elementalist began the quest for
                  | the Orb.
     0 | D:1      | Reached XP level 1. HP: 10/10 MP: 6/6
   308 | D:1      | Reached XP level 2. HP: 15/15 MP: 6/8
   566 | D:1      | Reached skill level 4 in Earth Magic
   659 | D:1      | Reached XP level 3. HP: 19/19 MP: 8/10
   735 | D:1      | Found a faded altar of an unknown god.
  1318 | D:2      | Identified the +9 shortbow of the Eggplant {antimagic, rC++
                  | rCorr Dex+3 SInv}
  1629 | D:3      | Noticed Jessica
  1835 | D:3      | Noticed Natasha
  1839 | D:3      | Killed Natasha
  1840 | D:3      | Reached XP level 4. HP: 24/24 MP: 8/12
  1873 | D:3      | Learned a level 3 spell: Passwall
  1887 | D:3      | Noticed Terence
  1892 | D:3      | Killed Terence
  2072 | D:3      | Reached skill level 5 in Earth Magic
  2260 | D:3      | Noticed Natasha
  2267 | D:3      | Killed Natasha
  2268 | D:3      | Reached XP level 5. HP: 28/28 MP: 11/13
  2287 | D:3      | Found Bighy's Magic Scroll Shoppe.
  2555 | D:3      | Killed Jessica
  2831 | D:4      | HP: 1/28 [sleepcap (7)]
  2833 | D:3      | Slain by a sleepcap

Illustrated notes

Levels and vault maps discovered:
D:1:      dpeg_arrival_three_same_balls, layout_basic,
          chequers_ecumenical_altar_twisty, kennysheep_flooded_box,
          minmay_misc_feat_chi, st_stairs_4, chequers_serial_rivers_micro_a,
          minmay_vboxes
D:2:      layout_basic
D:3:      layout_basic, portal_sewer_entry_e, serial_shops, shop, uniq_jessica,
          uniq_terence, uniq_natasha
D:4:      layout_cave_pools, bloody_makhleb, serial_shops, shop

Skill      XL: |  1  2  3  4  5 |
---------------+----------------+-----
Earth Magic    | 4 5 |  5.3
Conjurations   | 2 3 |  3.4
Spellcasting   | 4 |  4.6
Dodging        | |  2.4
Stealth        | |  2.4

Action                     |  1- 3 |  4- 6 || total
---------------------------+-------+-------++-------
   Cast: Sandblast         |    61 |    35 ||    96
    Use: Scroll            |       |     2 ||     2
 Armour: Robe              |    10 |    11 ||    21
  Dodge: Dodged            |    11 |     2 ||    13

Table legend: (Time is in decaauts)
 A = Elapsed time spent in this place.
 B = Non-inter-level travel time spent in this place.
 C = Inter-level travel time spent in this place.
 D = Time resting spent in this place.
 E = Time spent auto-exploring this place.
 F = Levels seen in this place.
 G = Mean time per level.
                   A        B        C        D        E       F      G
               +--------+--------+--------+--------+--------+-----+--------+
         Total |   2882 |   2746 |    136 |    265 |   1672 |   4 |  720.5 |
       Dungeon |   2882 |   2746 |    136 |    265 |   1672 |   4 |  720.5 |
               +--------+--------+--------+--------+--------+-----+--------+

Top non-repeatable levels by time:
     D:3: 1175 daAuts
     D:1: 959 daAuts
     D:2: 720 daAuts
     D:4: 27 daAuts
